Map: Winter's Gate LE

Players

Cure - Winner!

  • Race: Terran Terran
  • League: Master
  • Spawn Location: 11:00

DPGPartinG (PartinG)

  • Race: Protoss Protoss
  • League: Master
  • Spawn Location: 5:00

Event: HomeStory Cup XX

VOD

Have the link to the VOD?

Description

Time

  • Played on: Nov. 23, 2019, 5:19 p.m.
  • Length: 14:51

All games in this series

Show
View Real Time Build Order
Export as new Build Order

Cure Terran - Winner!

Build Orders: Gas First Reaper Expand 

Get SALT Encoding   

  12  0:00  SCV  
  13  0:12  SCV  
  14  0:17  Supply Depot  
  14  0:25  SCV  
  14  0:27  Refinery  
  15  0:38  SCV  
  16  0:43  Barracks  
  16  0:50  SCV  
  17  1:02  SCV  
  18  1:15  SCV  
  19  1:30  Orbital Command, Reaper  
  20  1:44  Command Center  
  20  1:56  SCV  
  20  1:59  Factory  
  21  2:05  Barracks Reactor  
  21  2:08  SCV  
  21  2:12  Supply Depot  
  22  2:20  SCV  
  23  2:26  Refinery  
  23  2:34  SCV  
  24  2:42  Marine x2, Supply Depot  
  24  2:43  Hellion  
  28  2:46  SCV  
  29  2:54  Starport  
  29  2:58  SCV  
  30  3:03  Marine x2  
  32  3:08  Hellion  
  32  3:10  SCV  
  35  3:21  Marine x2  
  35  3:24  SCV  
  38  3:31  Orbital Command  
  38  3:32  Medivac  
  40  3:34  Hellion  
  40  3:39  SCV  
  42  3:43  Marine x2  
  43  3:53  SCV  
  42  3:56  Factory Tech Lab  
  42  3:57  SCV  
  42  4:01  Marine x2  
  45  4:02  Supply Depot  
  45  4:06  Starport Tech Lab  
  45  4:08  SCV  
  45  4:09  SCV  
  47  4:16  Siege Tank  
  50  4:20  SCV  
  50  4:22  Supply Depot, SCV  
  50  4:23  Marine x2  
  54  4:26  Raven  
  53  4:38  SCV x2  
  53  4:40  Marine  
  53  4:41  Marine  
  56  4:50  SCV x2  
  56  4:57  Siege Tank  
  56  4:58  Marine x2  
  61  5:02  SCV x2  
  61  5:05  Command Center  
  62  5:12  Supply Depot  
  62  5:15  SCV x2  
  62  5:16  Marine  
  62  5:18  Barracks  
  65  5:27  SCV x2  
  65  5:28  Barracks  
  67  5:35  Refinery  
  67  5:39  SCV x2  
  67  5:41  Engineering Bay  
  69  5:43  Refinery, Stimpack  
  69  5:44  Marauder  
  69  5:45  Engineering Bay  
  71  5:51  SCV x2  
  71  5:56  Barracks  
  73  5:59  Factory Reactor  
  73  6:00  Starport Reactor, Barracks  
  73  6:03  SCV x2  
  75  6:07  Marauder, Combat Shield  
  77  6:13  Marauder  
  77  6:14  Terran Infantry Weapons Level 1, Terran Infantry Armor Level 1  
  77  6:16  SCV x2  
  77  6:17  Orbital Command  
  80  6:29  Marauder, SCV x2  
  80  6:31  Marine x2  
  86  6:34  Marauder  
  88  6:41  SCV x2  
  88  6:44  Supply Depot  
  88  6:45  Supply Depot  
  90  6:47  Orbital Command  
  90  6:53  Barracks Tech Lab, Barracks Reactor, SCV x2  
  92  6:55  Marine  
  92  6:57  Marine  
  93  7:03  Supply Depot x2  
  93  7:06  Marauder x2, Medivac x2  
  93  7:07  Widow Mine  
  103  7:10  Widow Mine  
  103  7:15  SCV x3  
  108  7:20  Supply Depot  
  108  7:21  Marine  
  109  7:24  Marine  
  109  7:25  Marauder  
  109  7:26  Concussive Shells  
  109  7:28  Marauder  
  109  7:29  Marauder  
  116  7:30  Marine x2  
  116  7:32  SCV x3  
  116  7:35  Supply Depot  
  121  7:39  Medivac x2  
  127  7:45  Supply Depot  
  127  7:47  Marine x2  
  127  7:49  Marauder  
  132  7:57  SCV x3  
  131  8:06  Refinery x2  
  131  8:08  Armory  
  131  8:09  SCV x3  
  131  8:12  Barracks Tech Lab  
  133  8:13  Marauder x2, Siege Tank  
  133  8:18  Marine x4  
  144  8:21  SCV x3  
  147  8:29  Supply Depot x2  
  147  8:33  Liberator x2  
  147  8:36  Command Center  
  147  8:40  Missile Turret  
  147  8:42  Missile Turret  
  147  8:43  SCV x2  
  147  8:48  Supply Depot  
  149  8:49  Supply Depot  
  149  8:50  Marine, SCV  
  149  8:51  Marauder x3, Marine x2  
  165  8:55  Supply Depot  
  165  8:56  Supply Depot  
  165  9:04  Marine  
  165  9:06  Terran Infantry Weapons Level 2  
  165  9:07  Missile Turret  
  165  9:09  Terran Infantry Armor Level 2, Siege Tank  
  167  9:16  Liberator x2  
  167  9:24  Marauder x3  
  172  9:36  Marine x2  
  172  9:37  Marine x2  
  180  9:50  Marauder x3  
  186  9:54  Marine x2, Siege Tank  
  186  9:55  Marine x2  
  186  9:59  Sensor Tower  
  193  10:04  SCV x3  
  196  10:09  Starport  
  196  10:10  Fusion Core  
  196  10:22  Refinery  
  196  10:25  Barracks, SCV x3  
  196  10:27  Barracks  
  196  10:28  Refinery, Barracks  
  199  10:32  Planetary Fortress  
  199  10:37  Liberator x2  
  199  10:42  Marine x4, Marauder x2  
  166  10:43  Marauder  
  153  10:52  SCV x3  
  162  11:00  Marine x4  
  162  11:04  Marauder x2  
  155  11:06  Marauder  
  155  11:10  Liberator  
  138  11:13  SCV x3  
  138  11:18  Marine x4  
  144  11:19  Barracks Tech Lab  
  144  11:20  Barracks Tech Lab, Barracks Reactor  
  144  11:25  Marine, Marauder  
  147  11:26  Liberator  
  147  11:27  Marauder, Liberator  
  151  11:36  Marine x4  
  153  11:43  Marauder  
  153  11:46  Marauder  
  153  11:47  Marine, Marauder  
  160  11:49  Marauder  
  160  11:50  SCV x2  
  160  11:51  SCV  
  160  11:52  SCV  
  160  11:53  Marine x4, Liberator x2  
  164  11:59  Sensor Tower  
  164  12:02  Sensor Tower, Missile Turret, SCV x2  
  164  12:04  Marauder  
  164  12:05  Marauder  
  164  12:08  Marauder, Marine  
  171  12:09  Liberator x2  
  171  12:10  Marauder  
  171  12:11  Marine  
  171  12:12  Marine  
  171  12:13  Marine  
  183  12:21  Marine x3  
  186  12:26  Marauder x3  
  186  12:29  Marine x2  
  200  12:36  Marine x3, Liberator  
  195  12:40  Marine x3  
  187  12:47  Marine, Marauder x2  
  187  12:48  Marauder x2  
  186  12:54  Marine  
  186  12:57  Medivac  
  190  12:59  Marine x2  
  190  13:00  Marauder  
  194  13:07  Liberator  
  194  13:08  Marauder, Liberator  
  194  13:09  Marauder  
  198  13:19  Marauder  
  199  13:22  Command Center  
  199  13:23  Marine x4, Marauder  
  199  13:24  Marauder  
  196  13:35  Marine x2, Marauder  
  197  13:43  Marine, Marauder  
  197  13:46  Medivac x2  
  197  13:54  Ghost Academy  
  197  14:06  Marine  
  197  14:07  Marauder  
  193  14:20  Marine x3  
  193  14:21  Marauder x3  
  179  14:31  Marine x4  
Show
View Real Time Build Order
Export as new Build Order

DPGPartinG Protoss 

Build Orders: 1 Gate Expand, Blink Stalkers, Colossus Rush 

Get SALT Encoding   

  12  0:00  Probe  
  13  0:12  Probe  
  14  0:18  Pylon  
  14  0:24  Probe  
  15  0:32  Probe  
  15  0:37  Gateway  
  15  0:40  Probe  
  16  0:46  Assimilator  
  17  0:51  Probe  
  18  1:03  Probe  
  19  1:15  Probe  
  20  1:24  Cybernetics Core  
  20  1:33  Nexus  
  20  1:40  Pylon  
  20  1:42  Probe  
  21  1:49  Assimilator  
  21  1:50  Adept  
  21  1:55  Probe  
  24  2:01  Warp Gate  
  24  2:07  Probe  
  25  2:10  Stalker  
  26  2:23  Probe  
  26  2:28  Twilight Council  
  27  2:35  Probe  
  28  2:40  Stalker  
  28  2:42  Probe  
  30  2:47  Blink, Probe  
  30  2:50  Probe  
  33  2:59  Probe  
  33  3:00  Probe  
  35  3:11  Probe  
  35  3:12  Probe  
  37  3:23  Probe  
  37  3:24  Probe  
  39  3:28  Robotics Facility  
  39  3:31  Gateway  
  39  3:36  Probe x2  
  41  3:48  Probe x2  
  40  3:54  Pylon, Shield Battery  
  41  3:57  Assimilator, Stalker  
  41  3:59  Assimilator  
  41  4:00  Probe  
  41  4:01  Probe  
  45  4:05  Pylon  
  45  4:12  Probe  
  45  4:13  Probe  
  48  4:17  Observer  
  48  4:21  Stalker  
  50  4:24  Stalker  
  50  4:25  Probe  
  50  4:27  Probe  
  49  4:48  Stalker x2  
  52  4:56  Observer, Probe  
  52  4:57  Probe  
  55  5:04  Robotics Bay, Probe  
  55  5:09  Probe  
  55  5:12  Probe  
  57  5:17  Observer  
  59  5:21  Probe  
  59  5:24  Nexus  
  59  5:27  Pylon  
  60  5:28  Probe  
  60  5:33  Probe  
  60  5:35  Colossus  
  62  5:36  Pylon x2  
  62  5:38  Observer  
  62  5:42  Observer  
  62  5:48  Probe x2  
  64  5:53  Extended Thermal Lance  
  64  5:55  Charge  
  70  6:06  Forge, Probe x2  
  70  6:08  Sentry x2  
  76  6:13  Colossus  
  76  6:17  Pylon  
  76  6:20  Gateway  
  76  6:27  Protoss Ground Weapons Level 1  
  76  6:30  Gateway  
  82  6:35  Gateway  
  82  6:36  Observer  
  82  6:41  Probe x2  
  82  6:50  Gateway  
  82  6:52  Gateway  
  82  6:55  Warp Prism  
  82  7:00  Probe x2  
  84  7:04  Probe  
  87  7:12  Probe x2, Gateway  
  87  7:14  Zealot x2  
  93  7:16  Colossus  
  93  7:20  Zealot  
  93  7:22  Pylon  
  95  7:23  Pylon  
  95  7:24  Probe x3  
  98  7:30  Observer  
  104  7:38  Pylon  
  104  7:39  Pylon  
  104  7:40  Zealot x2  
  108  7:48  Zealot x3  
  114  7:53  Zealot x2  
  118  8:03  Probe x2  
  120  8:08  Probe  
  120  8:12  Templar Archives  
  120  8:14  Assimilator  
  120  8:16  Assimilator, Protoss Ground Armor Level 1, Observer  
  120  8:17  Nexus  
  121  8:25  Zealot x2  
  121  8:26  Zealot x5  
  135  8:28  Zealot  
  137  8:34  Probe  
  137  8:35  Psionic Storm, Probe x2  
  137  8:37  Gravitic Drive  
  140  8:42  Pylon  
  140  8:45  Pylon  
  140  8:55  Observer  
  140  8:59  Pylon  
  140  9:01  Pylon  
  140  9:02  High Templar x4  
  148  9:03  Pylon  
  148  9:07  High Templar x2  
  152  9:24  Stalker x2  
  152  9:33  Forge  
  152  9:35  Probe x2, Zealot x4  
  152  9:36  Probe  
  163  9:44  Protoss Ground Weapons Level 2  
  157  9:48  Probe x3  
  158  9:53  Probe, Photon Cannon  
  159  10:00  Probe  
  159  10:01  Zealot x8  
  176  10:15  Gateway x2  
  176  10:18  Pylon  
  175  10:22  Zealot  
  175  10:26  Zealot x6  
  175  10:27  Zealot  
  121  10:51  Zealot x8  
  137  10:57  Protoss Ground Armor Level 2, Probe x3  
  137  10:59  Observer  
  110  11:13  Probe  
  110  11:15  Stalker x8  
  110  11:16  Stalker x2  
  131  11:20  Assimilator  
  131  11:21  Probe  
  131  11:24  Assimilator  
  132  11:27  Nexus  
  132  11:28  Pylon  
  130  11:33  Colossus  
  132  11:50  Zealot x5  
  132  11:51  Zealot x5  
  152  11:56  Probe  
  152  11:58  Gateway  
  152  11:59  Gateway  
  153  12:01  Probe x3, Gateway  
  153  12:03  Gateway  
  153  12:04  Probe  
  153  12:07  Archon  
  157  12:12  High Templar x3  
  157  12:13  High Templar x7  
  176  12:17  Archon x4  
  176  12:18  Archon  
  176  12:19  Disruptor  
  132  12:46  Colossus  
  104  12:53  Zealot x3  
  104  12:54  Zealot x9  
  128  13:03  Stalker x2  
  132  13:14  Stalker x9  
  132  13:15  Stalker x3  
  115  13:31  Zealot x2  
  113  13:40  Stalker x10  
  127  13:43  Zealot x2  
  96  14:03  Stalker x3  
  96  14:04  Stalker x4  
  109  14:14  High Templar x3  
  109  14:15  High Templar x2  
  109  14:16  Zealot x2  
  83  14:40  Zealot x7  
  83  14:41  Zealot  
Tags
 
Add a new tag
Caveats
  • Supply blocks, unpowered buildings, or Contaminate may cause inaccurate times.
  • Supply counts are checked every 10 seconds.